 Dungeon Crawl Stone Soup version 0.21-a0-273-g0785366 (webtiles) character file.

38 4thArraOfDagon the Skirmisher (level 3, 0/29 HPs)
             Began as a Formicid Abyssal Knight on Sept 16, 2017.
             Was a Follower of Lugonu.
             Slain by a jackal (1 damage)
             ... on level 2 of the Dungeon.
             The game lasted 00:02:06 (387 turns).

4thArraOfDagon the Skirmisher (FoAK)                 Turns: 387, Time: 00:02:07

Health: 0/29       AC: 11    Str: 16    XL:     3   Next: 65%
Magic:  5/5        EV:  5    Int: 12    God:    Lugonu [*.....]
Gold:   30         SH:  0    Dex: 10    Spells: 2/2 levels left

rFire    . . .     SeeInvis +   a - +1 hand axe
rCold    . . .     Gourm    .   (no shield)
rNeg     . . .     Faith    .   e - +0 plate armour
rPois    .         Spirit   .   (helmet unavailable)
rElec    .         Reflect  .   (no cloak)
rCorr    .         Harm     .   (no gloves)
MR       .....                  (no boots)
Stlth    ..........             i - amulet of rage
HPRegen  0.09/turn              (no ring)
MPRegen  0.09/turn              (no ring)

@: no status effects
A: permanent stasis, dig shafts and tunnels, four strong arms, antennae 3
a: Dig, Shaft Self, Depart the Abyss, Renounce Religion


You were on level 2 of the Dungeon.
You worshipped Lugonu.
Lugonu was aware of your devotion.
You were not hungry.

You visited 1 branch of the dungeon, and saw 2 of its levels.
You visited the Abyss 1 time.

You collected 30 gold pieces.

Inventory:

Hand Weapons
 a - a +1 hand axe (weapon)
Armour
 b - a +0 leather armour
 e - a +0 plate armour (worn)
Jewellery
 i - an amulet of rage (around neck)
Scrolls
 d - a scroll of teleportation {unknown}
 f - a scroll of fear {unknown}
 g - a scroll of immolation {unknown}
 h - a scroll of recharging {unknown}
Comestibles
 c - 2 bread rations
 k - a royal jelly


   Skills:
 + Level 3.6 Fighting
 * Level 2.4 Axes
 + Level 2.5 Armour
 + Level 1.5 Dodging
 + Level 2.8 Invocations


You had 2 spell levels left.
You didn't know any spells.

Dungeon Overview and Level Annotations

Branches:
Dungeon (2/15)

Altars:


Innate Abilities, Weirdness & Mutations

You cannot be hasted, slowed, berserked, paralysed or teleported.
You can dig through walls and to a lower floor.
Your four strong arms can wield two-handed weapons with a shield.
You have a pair of large antennae on your head. (SInv)


Message History

The ball python constricts you.
The jackal bites you but does no damage.
The centaur hits you but does no damage.
The jackal bites you but does no damage.
The ball python bites you.
* * * LOW HITPOINT WARNING * * *
The ball python constricts you.
The jackal bites you but does no damage.
Unknown command.
You hit the centaur.
The centaur is heavily wounded.
You completely miss the jackal.
Your plate armour prevents you from hitting the quokka.
Your plate armour prevents you from hitting the jackal.
You hit the ball python.
You kill the ball python!
Lugonu accepts your kill.
The centaur hits you but does no damage.
The jackal bites you.
You die...

.........
#...>... .
####....#.# ..
.......#.#
#..##..#....#####
#...............#
#?...........#
.##..†.c.h.....#
c......l)@†.....#
..#######hr...###
#...##..# .....##
.# ..{....# .
.........
.........
.......#. ......#
.#


You could see a centaur, a quokka, 2 jackals and a frilled lizard.

Vanquished Creatures
  An adder (D:2)
  A dart slug (D:1)
  A leopard gecko (D:1)
  2 ball pythons (D:2)
  4 hobgoblins (D:1)
  2 jackals (D:2)
  2 bats (D:1)
  2 frilled lizards (D:1)
  4 goblins
  4 kobolds
  4 rats (D:1)
27 creatures vanquished.

Notes
Turn   | Place    | Note
-------+----------+-------------------------------------------
     0 | Abyss:1  | 4thArraOfDagon the Formicid Abyssal Knight began the quest for the Orb.
     0 | Abyss:1  | Reached XP level 1. HP: 18/18 MP: 2/2
    52 | Abyss:1  | Noticed a starcursed mass
    89 | D:1      | Escaped the Abyss
    95 | D:1      | Reached skill level 1 in Dodging
    98 | D:1      | Reached * piety under Lugonu
   133 | D:1      | Reached XP level 2. HP: 14/24 MP: 3/3
   327 | D:1      | Reached XP level 3. HP: 29/29 MP: 4/4
   369 | D:2      | Noticed a centaur
   386 | D:2      | HP: 1/29 [ball python (1)]
   387 | D:2      | Slain by a jackal

Vault maps used:
D:1:      matt_arrival_grand_opening, item_on_display_a
D:2:      lemuel_coloured_pillars_altar, first_bread

Skill      XL: |  1 |
---------------+----+-----
Dodging        | 1 |  1.5
Fighting       | |  3.6
Axes           | |  2.4
Armour         | |  2.5
Invocations    | |  2.8

Action                   || total
-------------------------++-------
Melee: Hand axe          ||    66
Invok: Depart the Abyss  ||     1
 Abil: Dig               ||     4
  Use: Potion            ||     1
Armor: Plate armour      ||   105
       Leather armour    ||     1
Dodge: Dodged            ||    26

Table legend:
 A = Spawn XP
 B = Non-spawn XP
 C = Spawn XP percentage of total XP
 D = Spawn monster count
 E = Non-spawn monster count
 F = Spawn count percentage of total count
 G = Total turns spent on level
                    A         B        C        D         E        F      G
               +---------+---------+-------+---------+---------+-------+---------
         Total |       0 |      55 |   0.0 |       0 |      27 |   0.0 |   387
               +---------+---------+-------+---------+---------+-------+---------
           D:1 |       0 |      29 |   0.0 |       0 |      18 |   0.0 |   271
           D:2 |       0 |      26 |   0.0 |       0 |       9 |   0.0 |    27
               +---------+---------+-------+---------+---------+-------+---------
